General information
- name: 2v2 pros /w obs 956
- type: Custom game
- host: K-GaMe.SoLaR
- saver: boli
map: TwistedMeadows
- players: 8
- length: 30:52
- speed: Fast
- version: 1.24 W3XP
- replay type: Public
» download(223 KB)
Players
team 1 (loser)
K-GaMe.SoLaR (
gray | 86 APM | 2143 actions | 24:53)
5 Mountain King
3 Storm Bolt
2 Bash
3 Paladin
2 Holy Light
1 Divine Shield
1 Blood Mage
1 Banish
» actions
| Assign group hotkey | 70 | |
| Basic commands | 45 | |
| Build / train | 90 | |
| Enter build submenu | 31 | |
| Enter hero's abilities submenu | 9 | |
| Give item / drop item | 5 | |
| Remove unit from queue | 4 | |
| Right click | 712 | |
| Select / deselect | 454 | |
| Select group hotkey | 592 | |
| Use ability | 131 | |
2143 total
» units
| Peasant | 20 | |
| Footman | 4 | |
| Spell Breaker | 4 | |
| Goblin Shredder | 1 | |
| Gryphon Rider | 6 | |
| Priest | 5 | |
40 total
» upgrades
| Plating | 2 | |
| Swords | 2 | |
| Storm Hammers | 1 | |
| Priest Training | 2 | |
7 total
» buildings
| Altar of Kings | 1 | |
| Barracks | 1 | |
| Farm | 13 | |
| Scout Tower | 1 | |
| Arcane Tower | 1 | |
| Keep | 1 | |
| Lumber Mill | 1 | |
| Arcane Vault | 1 | |
| Arcane Sanctum | 3 | |
| Town Hall | 2 | |
| Blacksmith | 1 | |
| Castle | 1 | |
| Gryphon Aviary | 4 | |
31 total
» build order
00:11 Altar of Kings
00:14 Barracks
00:26 Farm
00:43 Farm
01:33 Scout Tower
02:00 Arcane Tower
03:26 Farm
04:24 Keep
04:39 Lumber Mill
04:49 Farm
05:35 Arcane Vault
06:32 Farm
06:36 Farm
07:23 Arcane Sanctum
07:34 Town Hall
07:42 Arcane Sanctum
09:51 Arcane Sanctum
10:00 Blacksmith
11:35 Farm
11:36 Farm
15:03 Town Hall
15:43 Castle
16:47 Gryphon Aviary
16:50 Gryphon Aviary
17:02 Gryphon Aviary
17:19 Gryphon Aviary
20:05 Farm
20:11 Farm
20:49 Farm
20:51 Farm
21:21 Farm
» items
| Boots of Speed | 1 | |
| Scroll of Regeneration | 5 | |
| Lesser Clarity Potion | 4 | |
| Scroll of Town Portal | 3 | |
| Potion of Healing | 7 | |
| Potion of Mana | 2 | |
| Orb of Fire | 1 | |
| Staff of Sanctuary | 1 | |
24 total

»
boli (
orange | 103 APM | 3189 actions | 30:52)
4 Shadow Hunter
2 Serpent Ward
2 Hex
1 Paladin
1 Divine Shield
3 Blood Mage
3 Flame Strike
» actions
| Assign group hotkey | 24 | |
| Basic commands | 140 | |
| Build / train | 73 | |
| ESC pressed | 4 | |
| Enter build submenu | 16 | |
| Enter hero's abilities submenu | 7 | |
| Give item / drop item | 4 | |
| Right click | 1880 | |
| Select / deselect | 416 | |
| Select group hotkey | 482 | |
| Use ability | 143 | |
3189 total
» units
| Peon | 22 | |
| Grunt | 4 | |
| Raider | 5 | |
| Wind Rider | 2 | |
| Peasant | 2 | |
| Footman | 1 | |
36 total
» upgrades
» buildings
| Altar of Storms | 1 | |
| Orc Burrow | 7 | |
| Barracks | 1 | |
| Voodoo Lounge | 1 | |
| Stronghold | 2 | |
| War Mill | 1 | |
| Beastiary | 2 | |
| Watch Tower | 1 | |
| Scout Tower | 1 | |
17 total
» build order
00:06 Altar of Storms
00:18 Orc Burrow
00:35 Barracks
01:34 Orc Burrow
02:00 Voodoo Lounge
03:33 Stronghold
03:33 Stronghold
03:36 War Mill
04:29 Orc Burrow
05:29 Orc Burrow
05:59 Beastiary
05:59 Beastiary
09:48 Orc Burrow
12:14 Orc Burrow
13:27 Orc Burrow
13:30 Watch Tower
30:22 Scout Tower
» items
| Healing Salve | 2 | |
| Circlet of Nobility | 3 | |
| Scroll of Speed | 1 | |
| Potion of Invisibility | 4 | |
| Boots of Speed | 1 | |
| Staff of Teleportation | 1 | |
| Lesser Clarity Potion | 2 | |
| Scroll of Regeneration | 1 | |
| Potion of Mana | 1 | |
16 total
team 2 (winner)

»
NaZeNaRaBa (
pink | 116 APM | 3585 actions | 30:52)
6 Mountain King
3 Storm Bolt
2 Thunder Clap
1 Avatar
4 Paladin
2 Holy Light
2 Divine Shield
» actions
| Assign group hotkey | 143 | |
| Basic commands | 303 | |
| Build / train | 102 | |
| ESC pressed | 6 | |
| Enter build submenu | 14 | |
| Enter hero's abilities submenu | 10 | |
| Give item / drop item | 7 | |
| Right click | 1413 | |
| Select / deselect | 564 | |
| Select group hotkey | 879 | |
| Use ability | 143 | |
3585 total
» units
| Peasant | 14 | |
| Footman | 21 | |
| Knight | 14 | |
| Forest Troll Berserker | 3 | |
| Goblin Zeppelin | 1 | |
53 total
» upgrades
| Long Rifles | 3 | |
| Masonry | 1 | |
| Swords | 2 | |
| Animal War Training | 1 | |
| Plating | 2 | |
9 total
» buildings
| Altar of Kings | 1 | |
| Barracks | 1 | |
| Farm | 6 | |
| Keep | 1 | |
| Lumber Mill | 1 | |
| Castle | 1 | |
| Blacksmith | 1 | |
| Arcane Vault | 1 | |
| Town Hall | 1 | |
14 total
» build order
00:02 Altar of Kings
00:08 Barracks
00:17 Farm
00:55 Farm
02:28 Farm
04:24 Keep
05:32 Lumber Mill
06:47 Castle
07:01 Blacksmith
07:07 Arcane Vault
07:08 Farm
15:37 Farm
17:58 Farm
28:06 Town Hall
» items
| Boots of Speed | 1 | |
| Scroll of Regeneration | 3 | |
| Lesser Clarity Potion | 5 | |
| Potion of Healing | 5 | |
| Periapt of Vitality | 1 | |
| Scroll of Town Portal | 2 | |
| Orb of Fire | 2 | |
| Staff of Sanctuary | 1 | |
| Potion of Lesser Invulnerability | 1 | |
21 total

»
CoWBoYsFroMHeLL (
yellow | 107 APM | 3309 actions | 30:52)
9 Shadow Hunter
3 Serpent Ward
3 Hex
3 Healing Wave
1 Goblin Tinker
1 Cluster Rockets
» actions
| Assign group hotkey | 62 | |
| Basic commands | 57 | |
| Build / train | 110 | |
| Enter build submenu | 28 | |
| Enter hero's abilities submenu | 14 | |
| Give item / drop item | 5 | |
| Remove unit from queue | 4 | |
| Right click | 1692 | |
| Select / deselect | 850 | |
| Select group hotkey | 243 | |
| Use ability | 244 | |
3309 total
» units
| Peon | 17 | |
| Grunt | 17 | |
| Wind Rider | 5 | |
| Raider | 4 | |
| Troll Batrider | 8 | |
| Goblin Sapper | 1 | |
| Kodo Beast | 2 | |
54 total
» upgrades
| Berserker Strength | 1 | |
| Ensnare | 1 | |
| Armor | 2 | |
| Pillage | 1 | |
| War Drums Damage Increase | 1 | |
| Envenomed Spears | 1 | |
| Backpack | 1 | |
8 total
» buildings
| Altar of Storms | 1 | |
| Orc Burrow | 5 | |
| Barracks | 1 | |
| Voodoo Lounge | 1 | |
| Stronghold | 2 | |
| Beastiary | 2 | |
| War Mill | 2 | |
| Great Hall | 5 | |
| Watch Tower | 7 | |
| Fortress | 2 | |
28 total
» build order
00:09 Altar of Storms
00:21 Orc Burrow
00:35 Barracks
01:30 Orc Burrow
01:56 Voodoo Lounge
02:47 Stronghold
02:47 Stronghold
03:50 Orc Burrow
05:15 Beastiary
05:17 Beastiary
05:42 Orc Burrow
06:48 War Mill
09:13 Great Hall
13:04 Great Hall
13:06 Great Hall
13:09 Watch Tower
13:09 Watch Tower
13:50 Watch Tower
13:58 Watch Tower
13:59 Watch Tower
14:10 Fortress
14:10 Fortress
15:04 Watch Tower
15:07 Great Hall
15:09 War Mill
16:14 Watch Tower
17:49 Great Hall
20:25 Orc Burrow
» items
| Healing Salve | 6 | |
| Lesser Clarity Potion | 3 | |
| Boots of Speed | 1 | |
| Scroll of Town Portal | 3 | |
| Potion of Mana | 1 | |
| Potion of Healing | 1 | |
| Scroll of Healing | 2 | |
| Potion of Lesser Invulnerability | 1 | |
18 total
observersnP.bONTY,
Kissie,
X-Y-Z,
LargeMouthBass Chat log
(00:00) LargeMouthBass: z
(00:11 / Allies) boli: protoing?
(00:16 / Allies) K-GaMe.SoLaR: nah
(04:10 / Allies) boli: hexing
(08:00 / Allies) K-GaMe.SoLaR: wood
(08:41 / Allies) K-GaMe.SoLaR: omg
(08:42 / Allies) K-GaMe.SoLaR: u had him
(08:44 / Allies) K-GaMe.SoLaR: if u hit
(08:45 / Allies) K-GaMe.SoLaR: with raide
(09:37 / Allies) K-GaMe.SoLaR: go mid
(09:41 / Allies) K-GaMe.SoLaR: and share
(09:42 / Allies) K-GaMe.SoLaR: christ
(10:25 / Allies) K-GaMe.SoLaR: ur base lol
(14:18 / Allies) K-GaMe.SoLaR: wood?
(15:38 / Allies) K-GaMe.SoLaR: come
(15:49 / Allies) boli: sh
(17:05 / All) CoWBoYsFroMHeLL: fuck u alvin
(17:09 / All) CoWBoYsFroMHeLL: thats my expo
(17:38 / Allies) K-GaMe.SoLaR: what u doing...
(17:49 / Allies) boli: playing warcraft 3 the frozen throne
(19:24 / All) CoWBoYsFroMHeLL: :)
(19:58 / All) NaZeNaRaBa: go away
(24:53 / All) K-GaMe.SoLaR: gg i tried
(24:53 / All) CoWBoYsFroMHeLL: ur wards are scrubs
(24:59 / All) boli: no u
(25:02 / All) CoWBoYsFroMHeLL: :o
(25:56 / All) CoWBoYsFroMHeLL: almost 10
(25:59 / All) CoWBoYsFroMHeLL: <3
(26:31 / All) CoWBoYsFroMHeLL: make units now alvin
(26:33 / All) CoWBoYsFroMHeLL: i wnat 10
(26:38 / All) CoWBoYsFroMHeLL: fuck u
(26:40 / All) boli: AIEHUAEHUAEHUAHE
(26:53 / All) CoWBoYsFroMHeLL: no u
(27:10 / All) boli: dying to creeps
(27:12 / All) CoWBoYsFroMHeLL: :)
(27:41 / All) boli: oh good
(27:48 / All) CoWBoYsFroMHeLL: fu
(28:02 / All) boli: hes got a lot of gold
(28:04 / All) CoWBoYsFroMHeLL: no tome of xp
(28:13 / All) CoWBoYsFroMHeLL: make some units for me
(28:14 / All) CoWBoYsFroMHeLL: :s
(28:16 / All) boli: no
(28:19 / All) CoWBoYsFroMHeLL: fu
(28:22 / All) boli: there are approx 8
(28:24 / All) boli: left
(28:28 / All) boli: FIND EM
(28:32 / All) CoWBoYsFroMHeLL: NO
(28:39 / All) boli: NO
(28:40 / All) boli: FUCK OFF
(28:43 / All) boli: FAGGOT
(29:20 / All) CoWBoYsFroMHeLL: 115 MORE